 Dungeon Crawl Stone Soup version 0.30.0-10-gfe55d96785 (webtiles) character file.

Game seed: 10861402058772351949

98 GigaChad the Firebug (level 4, -10/31 HPs)
             Began as a Demonspawn Fire Elementalist on May 16, 2023.
             Was an Initiate of Vehumet.
             Killed by divine providence
             ... invoked by an orc priest
              (15 damage)
             ... on level 4 of the Dungeon.
             The game lasted 00:05:29 (2807 turns).

GigaChad the Firebug (Demonspawn Fire Elementalist) Turns: 2807, Time: 00:05:30

Health: -10/31     AC:  2    Str: 10    XL:     4   Next: 43%
Magic:  0/7        EV: 12    Int: 16    God:    Vehumet [......]
Gold:   180        SH:  0    Dex: 14    Spells: 2/8 levels left

rFire   . . .        d - +0 rapier
rCold   . . .        (no shield)
rNeg    . . .        a - +0 robe
rPois   .            (helmet restricted)
rElec   .            (no cloak)
rCorr   .            (no gloves)
SInv    .            (no boots)
Will    .....        (no amulet)
Stlth   ++           (no ring)
HPRegen 0.25/turn    (no ring)
MPRegen 0.10/turn

%: no passive effects
@: no status effects
A: horns 1
a: Renounce Religion


You were on level 4 of the Dungeon.
You worshipped Vehumet.
Vehumet was noncommittal.
You visited 1 branch of the dungeon, and saw 4 of its levels.

You collected 180 gold pieces.

Inventory:

Hand Weapons
 c - a +0 dagger
 d - a +0 rapier (weapon)
Armour
 a - a +0 robe (worn)
Wands
 j - a wand of iceblast (8)
Scrolls
 f - a scroll of noise
 i - 2 scrolls of identify
Potions
 b - a potion of magic
 e - 2 potions of attraction {unknown}
 g - a potion of heal wounds {unknown}
 h - 2 potions of resistance {unknown}
 k - 2 potions of haste {unknown}


   Skills:
 * Level 0.7 Fighting
 + Level 0.7 Short Blades
 * Level 0.5 Armour
 + Level 2.2 Dodging
 + Level 2.1 Stealth
 * Level 2.6 Spellcasting
 * Level 1.7 Conjurations
 * Level 3.3 Fire Magic


You had 2 spell levels left.
You knew the following spells:

 Your Spells              Type           Power      Damage    Failure   Level
a - Foxfire               Conj/Fire      40%        2x1d6     7%          1
b - Scorch                Fire           24%        2d6       8%          2
c - Inner Flame           Hex/Fire       7%         N/A       30%         3

Your spell library contained the following spells:

 Spells                   Type           Power      Damage    Failure   Level
 Summon Small Mammal      Summ           8%         N/A       21%         1
 Volatile Blastmotes      Fire/Tloc      14%        2d11      30%         3
 Call Canine Familiar     Summ           2%         N/A       52%         3
 Summon Guardian Golem    Hex/Summ       2%         N/A       52%         3
 Flame Wave               Conj/Fire      10%        2d6       56%         4


Dungeon Overview and Level Annotations

Branches:
Dungeon (4/15)
 Temple: D:4-7

Altars:
Ashenzari
Hepliaklqana
Vehumet

Shops:
D:4 [


Innate Abilities, Weirdness & Mutations

You have a pair of small horns on your head.


Message History

The foxfire hits the orc wizard but does no damage.
The orc wizard is moderately wounded.
The orc priest casts a cantrip, but nothing happens.
The orc wizard hits you with a +0 dagger.
Unknown command.
You are out of magic!
Unknown command.
You are out of magic!
Unknown command.
You are out of magic!
Unknown command.
You are out of magic!
Unknown command.
You barely miss the orc wizard. Your headbutt misses the orc wizard.
You punch the orc wizard.
The orc wizard is heavily wounded.
The foxfire hits the orc wizard but does no damage.
The orc wizard is heavily wounded.
The foxfire hits the orc priest.
The orc priest is severely wounded.
The orc priest begins to cast a cantrip, but forgets the words!
The orc wizard gestures at you while chanting.
The puff of flame misses you.
An orc comes into view. It is wielding a +0 dagger.
The orc wizard barely misses you.
The orc priest hits you with a +0 hand axe!
Your magical contamination has completely faded away.
You barely miss the orc wizard.
The orc wizard is heavily wounded.
The orc priest hits you with a +0 hand axe.
The orc wizard points at you and mumbles some strange words.
The puff of flame hits you.
* * * LOW HITPOINT WARNING * * *
An orc priest comes into view. It is wielding a +0 mace.
You hit the orc wizard.
The orc wizard is almost dead.
The orc priest closely misses you.
The orc priest invokes the aid of Beogh against you.
Beogh smites you!
You die...

## .. # .# .# .###.#.
#########....... o.o.o..........>
#...o........ #.oo@..#
########..o...# ###.#..# #.
#.............# #......##.#.
##...≈≈.≈≈.....# #........ .
#..≈..≈.≈..≈...# #......#####
#####..≈≈.....≈≈...###...........
..........._......##........##...
.......≈≈.....≈≈..##.....#....<..
....#..≈..≈.≈..≈.........#.####..


You could see 3 orc priests, 2 orc wizards and 2 orcs.

Vanquished Creatures
  3 adders
  A worm (D:2)
  A dart slug (D:3)
  An orc (D:3)
  5 bats
  6 endoplasms
  4 giant cockroaches
  8 hobgoblins
  4 jackals (D:2)
  5 kobolds
  3 quokkas
  4 ball pythons
  A frilled lizard (D:2)
  7 goblins
  3 rats (D:3)
56 creatures vanquished.

Vanquished Creatures (others)
  140 foxfires
140 creatures vanquished.

Grand Total: 196 creatures vanquished

Notes
Turn   | Place    | Note
-------+----------+-------------------------------------------
     0 | D:1      | GigaChad the Demonspawn Fire Elementalist began the quest
                  | for the Orb.
     0 | D:1      | Reached XP level 1. HP: 13/13 MP: 3/3
   340 | D:1      | Gained mutation: You have a pair of small horns on your
                  | head. [demonic ancestry]
   340 | D:1      | Reached XP level 2. HP: 19/19 MP: 0/5
   551 | D:1      | Reached skill level 3 in Fire Magic
   955 | D:2      | Found a hazy altar of Hepliaklqana.
  1176 | D:2      | Reached XP level 3. HP: 24/24 MP: 3/6
  1179 | D:2      | Learned a level 2 spell: Scorch
  1183 | D:2      | Learned a level 3 spell: Inner Flame
  1801 | D:3      | Found a faded altar of an unknown god.
  2004 | D:3      | Reached XP level 4. HP: 29/30 MP: 5/7
  2642 | D:4      | Found a radiant altar of Vehumet.
  2660 | D:4      | Found a broken altar of Ashenzari.
  2675 | D:4      | Found Cautif's Armour Boutique.
  2678 | D:4      | Became a worshipper of Vehumet
  2807 | D:4      | Killed from afar by an orc priest

Illustrated notes

Levels and vault maps discovered:
D:1:      dpeg_arrival_round_b, layout_loops_ring
D:2:      layout_loops_ring, basic_altar, hex_tiny, due_unseen_surprise
D:3:      layout_rooms, dreamdust_ecumenical_altar_statues,
          hangedman_decor_clover_reticule, minmay_bisected
D:4:      layout_basic, kennysheep_mini, mainiacjoe_overflow_boulevard,
          mainiacjoe_overflow_small_starburst,
          mainiacjoe_overflow_large_starburst, minmay_temple_entry_junction,
          serial_shops, nicolae_shop_crystal, ldierk_geyser

Skill      XL: |  1  2 |
---------------+-------+-----
Dodging        | 2 |  2.2
Stealth        | 2 |  2.1
Fire Magic     | 3 |  3.3
Fighting       | |  0.7
Short Blades   | |  0.7
Armour         | |  0.5
Spellcasting   | |  2.6
Conjurations   | |  1.7

Action                     |  1- 3 |  4- 6 || total
---------------------------+-------+-------++-------
  Melee: Dagger            |     9 |       ||     9
         Rapier            |    39 |     9 ||    48
         Punch             |     2 |     1 ||     3
         Headbutt          |     3 |     1 ||     4
   Cast: Foxfire           |    74 |    34 ||   108
    Use: Scroll            |     2 |     1 ||     3
 Armour: Robe              |    22 |     7 ||    29
  Dodge: Dodged            |    64 |     9 ||    73
